 Dungeon Sprint DCSS version 0.18-a0-29-gce27f3c (console) character file.

1357 Kellhus the Cleaver (level 8, -9/42 HPs)
             Began as a Vine Stalker Assassin on Nov 4, 2015.
             Was an Elder of Makhleb.
             Mangled by a komodo dragon (20 damage)
             ... in the Dungeon (Sprint IX: "|||||||||||||||||||||||||||||").
             The game lasted 00:03:57 (692 turns).

Kellhus the Cleaver (Vine Stalker Assassin)          Turns: 692, Time: 00:03:58

Health: -9/42      AC:  7    Str: 19    XL:     8   Next: 64%
Magic:  0/9        EV: 22    Int: 11    God:    Makhleb [****..]
Gold:   0          SH:  0    Dex: 24    Spells: 0 memorised, 7 levels left

rFire  + . .     SeeInvis +     r - +14 obsidian axe {chop, +Fly Str+3 SInv *Curse} (curse)
rCold  . . .     Clarity  .     y - +2 leather armour {rF+}
rNeg   . . .     SustAt   .     (no shield)
rPois  .         Gourm    +     t - +0 helmet
rElec  .         Spirit   +     d - +0 cloak
rCorr  .         Warding  .     (no gloves)
rMut   .         NoTele   +     (no boots)
MR     +....                    z - amulet of the gourmand
Stlth  +++++.....               E - +3 ring of strength
                                u - +2 ring of evasion

@: agile, mesmerised, somewhat resistant to hostile enchantments, quite stealthy
A: fangs 3, regeneration 2, magic shield, antimagic bite, no device heal 3, rot
immunity
a: Minor Destruction, Lesser Servant of Makhleb, Major Destruction, Renounce
Religion, Evoke Flight


You were in the Dungeon.
You worshipped Makhleb.
Makhleb was greatly pleased with you.
You were not hungry.

You visited 1 branch

Inventory:

Hand Weapons
 a - a +2 dagger
 b - a +0 blowgun
 r - the cursed +14 obsidian axe (weapon) {chop, +Fly Str+3 SInv *Curse}
   (You found it in the Dungeon)

   It inflicts extra damage upon your enemies.
   It affects your strength (+3).
   It lets you see invisible.
   It lets you fly.
   It may re-curse itself when equipped.
   It has a curse placed upon it.
 s - the +2 rapier of Jevuliew {antimagic, +Rage Str+4 SInv}
   (You found it in the Dungeon)

   It disrupts the flow of magical energy around spellcasters and certain
   magical creatures (including the wielder).
   It affects your strength (+4).
   It lets you see invisible.
   It lets you go berserk.
Missiles
 e - 8 poisoned needles
 f - 2 curare-tipped needles
Armour
 c - a +0 robe
 d - a +0 cloak (worn)
 t - a +0 helmet (worn)
 v - a +1 chain mail
 y - a +2 leather armour of fire resistance (worn)
Jewellery
 u - a +2 ring of evasion (left hand)
 z - an amulet of the gourmand (around neck)
 E - a +3 ring of strength (right hand)
Wands
 q - a wand of draining (7)
Scrolls
 m - 3 scrolls of blinking
 o - 3 scrolls of remove curse
 p - 2 scrolls of amnesia
 A - a scroll of recharging
 B - 2 scrolls of enchant weapon
 C - a scroll of fear
 D - a scroll of identify
Potions
 h - 5 potions of curing
 i - a potion of heal wounds
 j - a potion of haste
 k - 4 potions of magic
 x - a potion of brilliance
Comestibles
 g - a bread ration


   Skills:
 - Level 4.0 Fighting
 - Level 5.6 Short Blades
 + Level 14.1 Axes
 - Level 1.7 Throwing
 - Level 3.5 Dodging
 - Level 7.3 Stealth


You had 7 spell levels left.
You didn't know any spells.

Dungeon Overview and Level Annotations

Branches:
Dungeon (1/1)

Altars:
Cheibriados
Dithmenos
Elyvilon
Fedhas
Gozag
Kikubaaqudgha
Makhleb
Nemelex Xobeh
Okawaru
Qazlal
Ru
Sif Muna
Trog
Vehumet
Xom
Yredelemnul
Zin
The Shining One
Beogh
Jiyva
Lugonu


Innate Abilities, Weirdness & Mutations

You have razor-sharp teeth.
You heal very quickly.
When hurt, damage is shared between your health and your magic reserves.
Your bite disrupts and absorbs the magic of your enemies.
Potions and wands cannot restore your health.
You are immune to rotting.


Message History

Makhleb accepts your kill.
You can now hurl Makhleb's greater destruction.
Your Axes skill increases to level 14!
Visions of slaying the komodo dragon flood into your mind.
You hit the komodo dragon but do no damage.
You bite the komodo dragon, but do no damage.
The komodo dragon bites you!!
Ouch! That really hurt!
* * * LOW HITPOINT WARNING * * *
Drink which item? (? for menu, Esc to quit)
Okay, then.
Evoke which item? (* to show all) (? for menu, Esc to quit)
Zapping:
q - a wand of draining (7)
Press: ? - help, Shift-Dir - straight line, f - komodo dragon
Aim: a komodo dragon (mesmerising)
Okay, then.
Drink which item? (? for menu, Esc to quit)
You feel agile all of a sudden. The komodo dragon bites you!!
You die...

▓_▓.▓
▓_▓.▓Y▓
▓_▓.▓.▓
▓_▓.▓S▓
▓_▓.▓H▓
▓_▓.▓S▓
▓_▓.▓r▓
▓_▓.▓l▓
▓_▓.▓@▓
▓_▓.▓.▓
▓_▓.▓.▓
▓_▓.▓.▓
▓'▓.▓.▓
▓.▓.▓.▓
▓.▓.▓.▓
▓.▓.▓.▓
▓)▓.▓[▓


You could see a death yak, a komodo dragon, a hippogriff, 2 water moccasins and
a river rat.

Vanquished Creatures
  A cyclops (D)
  A troll (D)
  A yak (D)
  A hippogriff (D)
  A hungry ghost (D)
  An orc warrior (D)
  An ogre (D)
  A giant frog (D)
  A crimson imp (D)
  A worker ant (D)
  An iguana (D)
  An adder (D)
  2 giant geckos (D)
  An orc (D)
  A giant cockroach (D)
  A hobgoblin (D)
  A jackal (D)
  A ball python skeleton (D)
  A bat (D)
  2 rats (D)
22 creatures vanquished.

Vanquished Creatures (others)
  A spatial maelstrom (D)
  An orc (D)
2 creatures vanquished.

Grand Total: 24 creatures vanquished

Notes
Turn   | Place    | Note
--------------------------------------------------------------
     0 | D        | Kellhus the Vine Stalker Assassin began the quest for the Orb.
     0 | D        | Reached XP level 1. HP: 11/11 MP: 2/2
     6 | D        | Reached skill level 1 in Dodging
     8 | D        | Reached skill level 5 in Stealth
     8 | D        | Banished a spatial maelstrom
    99 | D        | Noticed an ogre
    99 | D        | Noticed an iguana
   101 | D        | Killed an iguana
   101 | D        | Reached XP level 2. HP: 16/16 MP: 3/3
   101 | D        | Reached XP level 3. HP: 19/19 MP: 4/4
   111 | D        | Killed an ogre
   111 | D        | Reached skill level 5 in Short Blades
   111 | D        | Reached skill level 7 in Stealth
   111 | D        | Reached XP level 4. HP: 25/25 MP: 5/5
   111 | D        | Reached XP level 5. HP: 29/29 MP: 6/6
   165 | D        | Found a glowing silver altar of Zin.
   165 | D        | Found a glowing golden altar of the Shining One.
   165 | D        | Found an ancient bone altar of Kikubaaqudgha.
   165 | D        | Found a basalt altar of Yredelemnul.
   165 | D        | Found a shimmering altar of Xom.
   165 | D        | Found a radiant altar of Vehumet.
   166 | D        | Found an iron altar of Okawaru.
   167 | D        | Found a burning altar of Makhleb.
   168 | D        | Found a deep blue altar of Sif Muna.
   169 | D        | Found a bloodstained altar of Trog.
   170 | D        | Found a sparkling altar of Nemelex Xobeh.
   171 | D        | Found a white marble altar of Elyvilon.
   172 | D        | Found a roughly hewn altar of Beogh.
   173 | D        | Found a viscous altar of Jiyva.
   174 | D        | Found a corrupted altar of Lugonu.
   175 | D        | Became a worshipper of Makhleb the Destroyer
   176 | D        | Found a blossoming altar of Fedhas.
   177 | D        | Found a snail-covered altar of Cheibriados.
   178 | D        | Found a shadowy altar of Dithmenos.
   179 | D        | Found a stormy altar of Qazlal.
   180 | D        | Found an opulent altar of Gozag.
   181 | D        | Found a sacrificial altar of Ru.
   198 | D        | Got the +2 rapier of Jevuliew {antimagic, +Rage Str+4 SInv}
   206 | D        | Noticed an orc warrior
   206 | D        | Noticed a hippogriff
   249 | D        | Killed a hippogriff
   249 | D        | Gained mutation: You heal very quickly. [Vine Stalker growth]
   249 | D        | Reached XP level 6. HP: 20/33 MP: 4/7
   251 | D        | Reached * piety under Makhleb
   256 | D        | Reached skill level 9 in Axes
   259 | D        | Reached ** piety under Makhleb
   306 | D        | Noticed a troll
   306 | D        | Noticed a cyclops
   306 | D        | Noticed a hungry ghost
   306 | D        | Noticed a yak
   309 | D        | Killed a yak
   309 | D        | Reached skill level 11 in Axes
   309 | D        | Reached XP level 7. HP: 32/37 MP: 8/8
   310 | D        | Reached *** piety under Makhleb
   312 | D        | Killed a hungry ghost
   317 | D        | Killed a cyclops
   317 | D        | Reached skill level 13 in Axes
   317 | D        | Gained mutation: You have razor-sharp teeth. [Vine Stalker growth]
   317 | D        | Reached XP level 8. HP: 39/42 MP: 5/9
   319 | D        | Killed a troll
   319 | D        | Reached **** piety under Makhleb
   685 | D        | Noticed a komodo dragon
   686 | D        | Noticed a spiny frog
   689 | D        | Noticed a death yak
   690 | D        | Reached skill level 14 in Axes
   692 | D        | Mangled by a komodo dragon

Vault maps used:
D:        linesprint

Action                   |  1- 3 |  4- 6 |  7- 9 || total
-------------------------+-------+-------+-------++-------
Melee: Dagger            |    21 |     3 |       ||    24
       Broad axe         |       |    16 |    13 ||    29
  Use: Potion            |     1 |     1 |     1 ||     3
 Stab: Sleeping          |     3 |       |       ||     3
       Invisible         |       |     1 |     3 ||     4
  Eat: Chunk             |       |       |     1 ||     1
